 Dungeon Crawl Stone Soup version 0.31-a0-222-gefeffbb62a (webtiles) character file.

Game seed: 5793533076127699712

62 innerfire43 the Trooper (level 3, 0/30 HPs)
             Began as a Demonspawn Monk on July 5, 2023.
             Killed by divine providence
             ... invoked by an orc priest
              (11 damage)
             ... on level 2 of the Dungeon.
             The game lasted 00:00:51 (1054 turns).

innerfire43 the Trooper (Demonspawn Monk)           Turns: 1054, Time: 00:00:52

Health: 0/30       AC:  2    Str: 13    XL:     3   Next: 85%
Magic:  3/3        EV: 13    Int: 17    God:
Gold:   76         SH:  0    Dex: 15    Spells: 2/2 levels left

rFire   . . .        a - +0 hand axe
rCold   . . .        d - orb {light}
rNeg    . . .        b - +0 robe
rPois   .            (no helmet)
rElec   .            (no cloak)
rCorr   .            (no gloves)
SInv    .            (no boots)
Will    .....        (no amulet)
Stlth   +            l - +6 ring of intelligence
HPRegen 0.25/turn    (no ring)
MPRegen 0.08/turn

%: no passive effects
@: confused, ambrosia-drunk, glowing
A: condensation shield, demonic magic 1
a: no special abilities


You were on level 2 of the Dungeon.
You visited 1 branch of the dungeon, and saw 2 of its levels.

You collected 76 gold pieces.

Inventory:

Hand Weapons
 a - a +0 hand axe (weapon)
Armour
 b - a +0 robe (worn)
 d - an orb of light (worn)
Jewellery
 l - a +6 ring of intelligence (left hand)
Scrolls
 f - a scroll of revelation {unknown}
 i - 4 scrolls of identify {unknown}
 k - a scroll of teleportation {unknown}
Potions
 e - a potion of brilliance {unknown}
 g - a potion of haste {unknown}
 h - a potion of attraction {unknown}
 j - a potion of heal wounds {unknown}


   Skills:
 + Level 3.7 Fighting
 + Level 3.3 Axes
 + Level 3.3 Dodging


You had 2 spell levels left.
You didn't know any spells.
Your spell library contained the following spells:

 Spells                   Type           Power      Damage    Failure   Level
 Vhi's Electric Charge    Tloc/Air       0%         N/A       56%         3
 Arcjolt                  Conj/Air       0%         1d10      100%        5
 Plasma Beam              Fire/Air       0%         2x1d10    100%        6


Dungeon Overview and Level Annotations

Branches:
Dungeon (2/15)

Altars:


Innate Abilities, Weirdness & Mutations

A meltable shield of frost defends you. (SH +4)
Spells you cast may paralyse adjacent enemies.


Message History

The orc priest is moderately wounded.
The orc priest misses you.
Unknown command.
You hit the orc priest but do no damage.
The orc priest is moderately wounded.
The orc priest barely misses you.
You hit the orc priest.
The orc priest is severely wounded.
The orc priest barely misses you.
You hit the orc priest.
The orc priest is almost dead.
The orc priest barely misses you.
The orc priest calls down the wrath of Beogh upon you.
Pain shoots through your body!
* * * LOW HITPOINT WARNING * * *
An orc priest comes into view. It is wielding a +0 short sword.
The orc priest shouts!
You slash the orc priest!
You kill the orc priest!
You hit the orc.
You kill the orc!
An orc comes into view. It is wielding a +0 club.
Unknown command.
You hit the orc priest.
The orc priest is lightly wounded.
An orc comes into view. It is wielding a +0 dagger.
The orc priest hits you with a +0 short sword.
* * * LOW HITPOINT WARNING * * *
Unknown command.
You are confused.
You feel invigorated.
The orc priest hits you with a +0 short sword.
* * * LOW HITPOINT WARNING * * *
You bump into the rock wall.
The orc priest looks satisfied for a moment.
Unknown command.
You bump into the rock wall.
The orc priest calls down the wrath of Beogh upon you.
Beogh smites you!
You die...

########## .........#
.........#
.........##############.
........................
.........#######.######
########## #)# #.# #@#
#o#


#oo ####### ##.. ......# ... ......# #..# ......# ... ......# .### ###### You
could see an orc priest and 2 orcs.

Vanquished Creatures
  An orc priest (D:2)
  A dart slug (D:1)
  An orc (D:2)
  A ball python (D:2)
  2 endoplasms (D:1)
  A giant cockroach (D:1)
  5 goblins
  A hobgoblin (D:1)
  3 jackals (D:1)
  2 quokkas (D:1)
  3 bats (D:1)
  A frilled lizard (D:1)
  2 kobolds (D:1)
  2 rats (D:1)
26 creatures vanquished.

Notes
Turn   | Place    | Note
-------+----------+-------------------------------------------
     0 | D:1      | innerfire43 the Demonspawn Monk began the quest for the
                  | Orb.
     0 | D:1      | Reached XP level 1. HP: 18/18 MP: 1/1
   198 | D:1      | Gained mutation: Spells you cast may paralyse adjacent
                  | enemies. [demonic ancestry]
   198 | D:1      | Reached XP level 2. HP: 8/24 MP: 2/2
   808 | D:1      | Gained mutation: A meltable shield of frost defends you.
                  | (SH +4) [demonic ancestry]
   808 | D:1      | Reached XP level 3. HP: 20/29 MP: 3/3
  1054 | D:2      | Killed from afar by an orc priest

Illustrated notes

Levels and vault maps discovered:
D:1:      lightli_arrival_statuegarden, layout_basic
D:2:      cheibrodos_pilgrimage, layout_basic, basic_altar

Skill      XL: |  1  2 |
---------------+-------+-----
Dodging        | 3 |  3.3
Axes           | 3 |  3.3
Fighting       | |  3.7

Action                     || total
---------------------------++-------
  Melee: Hand axe          ||    65
    Use: Potion            ||     1
 Armour: Robe              ||    14
  Dodge: Dodged            ||    42

Table legend: (Time is in decaauts)
 A = Elapsed time spent in this place.
 B = Non-inter-level travel time spent in this place.
 C = Inter-level travel time spent in this place.
 D = Time resting spent in this place.
 E = Time spent auto-exploring this place.
 F = Levels seen in this place.
 G = Mean time per level.
                   A        B        C        D        E       F      G
               +--------+--------+--------+--------+--------+-----+--------+
         Total |   1064 |   1056 |      8 |      0 |    894 |   2 |  532.0 |
       Dungeon |   1064 |   1056 |      8 |      0 |    894 |   2 |  532.0 |
               +--------+--------+--------+--------+--------+-----+--------+

Top non-repeatable levels by time:
     D:1: 991 daAuts
     D:2: 72 daAuts
